 Dungeon Crawl Stone Soup version 0.30.1-11-g7821555f0a (webtiles) character file.

Game seed: 8058172687478751572

240 Eryximachus the Magician (level 6, 0/39 HPs)
             Began as an Octopode Hedge Wizard on Dec 3, 2023.
             Killed from afar by a white imp (11 damage)
             ... with a puff of frost
             ... on level 5 of the Dungeon.
             The game lasted 00:21:25 (6230 turns).

Eryximachus the Magician (Octopode Hedge Wizard)    Turns: 6230, Time: 00:21:28

Health: 0/39       AC:  1    Str:  9    XL:     6   Next: 8%
Magic:  9/10       EV: 13    Int: 18    God:
Gold:   143        SH:  0    Dex: 12    Spells: 4/11 levels left

rFire   + . .        a - +0 dagger
rCold   . . .        (no shield)
rNeg    + . .        b - +0 hat
rPois   .            o - amulet of magic regeneration
rElec   .            F - ring of protection from fire
rCorr   .            N - ring of positive energy
SInv    .            (no ring)
Will    .....        (no ring)
Stlth   +++          (no ring)
HPRegen 0.26/turn    (no ring)
MPRegen 0.52/turn    (no ring)
                     (no ring)

%: no passive effects
@: wereblooded
A: almost no armour, amphibious, 8 rings, camouflage 1, gelatinous body 1,
(nimble swimmer 1), tentacles
a: no special abilities


You were on level 5 of the Dungeon.
You visited 1 branch of the dungeon, and saw 5 of its levels.

You collected 143 gold pieces.


Innate Abilities, Weirdness & Mutations

You cannot wear most types of armour.
You are amphibious.
You can wear up to eight rings at the same time.
Your skin changes colour to match your surroundings (Stealth+).
Your rubbery body absorbs attacks. (AC +1, EV +1)
((You are camouflaged when in or above water. (Stealth+)))
You have tentacles for arms and can constrict up to eight enemies at once.


   Skills:
 - Level 2.0 Fighting
 - Level 2.0 Dodging
 - Level 3.0 Stealth
 - Level 3.0 Spellcasting
 - Level 3.0 Conjurations
 - Level 3.0 Summonings
 - Level 3.0 Translocations
 * Level 1.0 Transmutations


You had 4 spell levels left.
You knew the following spells:

 Your Spells              Type           Power      Damage    Failure   Level
c - Call Imp              Summ           26%        N/A       7%          2
m - Magic Dart            Conj           52%        1d5       4%          1
w - Wereblood             Tmut           6%         N/A       16%         2
B - Blink                 Tloc           26%        N/A       7%          2

Your spell library contained the following spells:

 Spells                   Type           Power      Damage    Failure   Level
 Apportation              Tloc           26%        N/A       4%          1
 Gell's Gravitas          Tloc           13%        N/A       14%         3
 Teleport Other           Tloc           13%        N/A       14%         3
 Slow                     Hex            8%         N/A       16%         1
 Cigotuvi's Dreadful Rot  Necr/Pois/Air  4%         N/A       24%         2
 Sublimation of Blood     Necr           2%         N/A       24%         2
 Mephitic Cloud           Conj/Pois/Air  6%         N/A       32%         3
 Alistair's Intoxication  Tmut/Pois      2%         N/A       98%         5
 Dispersal                Tloc           6%         N/A       100%        6
 Summon Hydra             Summ           6%         N/A       100%        7

Inventory:

Hand Weapons
 a - a +0 dagger (weapon)
Armour
 b - a +0 hat (worn)
Magical Staves
 d - a staff of earth {!a}
Jewellery
 o - an amulet of magic regeneration (around mantle)
 F - a ring of protection from fire (left tentacle)
 N - a ring of positive energy (right tentacle)
Scrolls
 e - a scroll of teleportation {unknown}
 h - a scroll of enchant armour {unknown}
 i - 2 scrolls of identify {unknown}
 j - a scroll of amnesia {unknown}
Potions
 c - a potion of magic
 f - a potion of attraction {unknown}
 g - 3 potions of heal wounds {unknown}
 k - a potion of lignification {unknown}
 l - a potion of mutation {unknown}
 m - a potion of brilliance {unknown}
 n - 2 potions of ambrosia {unknown}
 p - 2 potions of curing {unknown}

Dungeon Overview and Level Annotations

Branches:
Dungeon (5/15)
 Temple: D:4-7

Altars:
Ashenzari

Annotations:
D:2 Terence
D:3 Grinder, Ijyb, Sigmund
D:4 exclusion: black bear, Blork the orc
D:5 Menkaure

############
#########...........
......<...........#.
#########.#######.#.
#######.# #.#.
#.5)....# #.#.
#@####### #.#. #.#
#.#. .#######.# #...
.........# ##..
########.# #.. #.#
#.. #.# #..
####.########### #..
#..............# #..


You could see a white imp.


Message History

Your cerulean imp closely misses the white imp.
The white imp hits your cerulean imp.
The white imp freezes your cerulean imp.
Your cerulean imp dies!
Your cerulean imp disappears in a puff of smoke!
Casting: Call Imp (safe; 7% risk of failure)
Confirm with . or Enter, or press ? or * to list all spells.
A tiny devil pulls itself out of the air.
The white imp gestures at you. The puff of frost misses you.
The puff of frost hits your cerulean imp!
Your cerulean imp barely misses the white imp.
The white imp gestures at you.
The puff of frost hits your cerulean imp!
Your cerulean imp dies!
Your cerulean imp disappears in a puff of smoke!
Casting: Call Imp (safe; 7% risk of failure)
Confirm with . or Enter, or press ? or * to list all spells.
Your blood is infused with primal strength.
The white imp hits you.
* * * LOW HITPOINT WARNING * * *
The white imp freezes you.
* * * LOW HITPOINT WARNING * * *
You barely miss the white imp. You grab the white imp.
You squeeze the white imp, but do no damage.
The white imp is severely wounded.
You constrict the white imp. The white imp gestures at you.
The puff of frost hits you!
You die...

Skill      XL: |  1  2  3  4  5 |
---------------+----------------+-----
Stealth        | 3 |  3.0
Conjurations   | 3 |  3.0
Summonings     | 2 3 |  3.0
Translocations | 3 |  3.0
Fighting       | 2 |  2.0
Transmutations | 1 |  1.0
Dodging        | |  2.0
Spellcasting   | |  3.0

Action                     |  1- 3 |  4- 6 || total
---------------------------+-------+-------++-------
  Melee: Dagger            |    31 |    49 ||    80
         Constrict         |     6 |    10 ||    16
         Tentacles         |     6 |    12 ||    18
   Cast: Magic Dart        |    26 |    52 ||    78
         Call Imp          |     5 |    25 ||    30
         Wereblood         |       |     1 ||     1
   Stab: Sleeping          |     4 |     3 ||     7
 Armour: Skin              |     4 |     4 ||     8
  Dodge: Dodged            |    20 |    34 ||    54

Levels and vault maps discovered:
D:1:      onia_arrival_handbag, layout_basic, serial_corexii_hall,
          chequers_hall_statues_wall_a, corexii_hall_statues_i,
          corexii_hall_statues_x, corexii_hall_statues_s,
          minmay_misc_feat_encased
D:2:      layout_loops_ring, dreamdust_ecumenical_altar_statues,
          minmay_surrounded, uniq_terence, uniq_jessica
D:3:      layout_basic, yredelemnul_forgotten_temple_becter,
          ashenzari_conservatory_becter, nicolae_figureground_pulse,
          uniq_grinder, uniq_ijyb, uniq_sigmund
D:4:      layout_cave_pools, mainiacjoe_overflow_small_starburst,
          uniq_blork_the_orc
D:5:      gammafunk_wand_slinger, layout_loops_ring, led_xom_imps,
          minmay_temple_entry_gardened_gates, guppyfry_early_lair_pool,
          uniq_menkaure, uniq_edmund

Notes
Turn   | Place    | Note
-------+----------+-------------------------------------------
     0 | D:1      | Eryximachus the Octopode Hedge Wizard began the quest for
                  | the Orb.
     0 | D:1      | Reached XP level 1. HP: 11/11 MP: 4/4
   293 | D:1      | Reached skill level 3 in Stealth
   398 | D:1      | Reached XP level 2. HP: 7/17 MP: 0/6
   421 | D:1      | Reached skill level 2 in Conjurations
   807 | D:1      | Learned a level 2 spell: Call Imp
  1440 | D:2      | Noticed Jessica
  1451 | D:2      | Killed Jessica
  1452 | D:2      | Reached skill level 3 in Conjurations
  1452 | D:2      | Reached XP level 3. HP: 21/21 MP: 5/7
  1474 | D:2      | Learned a level 2 spell: Blink
  1584 | D:2      | Noticed Terence
  1727 | D:2      | Reached skill level 2 in Summonings
  2066 | D:2      | Reached XP level 4. HP: 15/27 MP: 2/8
  2450 | D:2      | Found a faded altar of an unknown god.
  2748 | D:3      | Noticed Sigmund
  3279 | D:3      | Noticed Ijyb
  4426 | D:3      | Found a broken altar of Ashenzari.
  4426 | D:3      | Noticed Grinder
  4559 | D:4      | Noticed Blork the orc
  4559 | D:4      | Noticed a scorpion
  4598 | D:4      | Reached skill level 3 in Summonings
  4681 | D:4      | Reached XP level 5. HP: 24/31 MP: 5/9
  4951 | D:4      | Noticed a black bear
  4957 | D:5      | Entered Level 5 of the Dungeon
  4993 | D:5      | Reached skill level 2 in Translocations
  5336 | D:5      | Reached skill level 1 in Fighting
  5517 | D:5      | Noticed Menkaure
  5649 | D:5      | Reached skill level 3 in Translocations
  5756 | D:5      | Learned a level 2 spell: Wereblood
  6060 | D:5      | Reached skill level 2 in Fighting
  6060 | D:5      | Reached skill level 1 in Transmutations
  6060 | D:5      | Reached XP level 6. HP: 39/39 MP: 10/10
  6230 | D:5      | Killed from afar by a white imp

Vanquished Creatures
  A sleepcap (D:5)
  An iguana (D:5)
  3 adders
  2 ufetubi
  2 dart slugs (D:5)
  2 orcs (D:3)
  7 ball pythons
  10 bats
  3 endoplasms
  A giant cockroach (D:2)
  7 goblins
  4 hobgoblins
  A jackal (D:3)
  2 kobolds
  A quokka (D:2)
  4 frilled lizards
  9 rats
60 creatures vanquished.

Vanquished Creatures (collateral kills)
  Jessica (D:2)
  An iguana (D:5)
  3 adders
  An orc (D:3)
  A goblin (D:2)
  3 jackals (D:3)
  A kobold (D:2)
  A frilled lizard (D:2)
12 creatures vanquished.

Grand Total: 72 creatures vanquished

Table legend: (Time is in decaauts)
 A = Elapsed time spent in this place.
 B = Non-inter-level travel time spent in this place.
 C = Inter-level travel time spent in this place.
 D = Time resting spent in this place.
 E = Time spent auto-exploring this place.
 F = Levels seen in this place.
 G = Mean time per level.
                   A        B        C        D        E       F      G
               +--------+--------+--------+--------+--------+-----+--------+
         Total |   6229 |   6091 |    138 |   3186 |    520 |   5 | 1245.8 |
       Dungeon |   6229 |   6091 |    138 |   3186 |    520 |   5 | 1245.8 |
               +--------+--------+--------+--------+--------+-----+--------+

Top non-repeatable levels by time:
     D:3: 1905 daAuts
     D:1: 1426 daAuts
     D:5: 1272 daAuts
     D:2: 1262 daAuts
     D:4: 363 daAuts

Table legend:
 A = Non-vault XP
 B = Vault XP
 C = Vault XP percentage of total XP
 D = Non-vault monster count
 E = Vault monster count
 F = Vault count percentage of total count
                 A         B        C        D         E       F
            +---------+---------+-------+---------+---------+-------
      Total |     262 |      82 |  23.8 |      64 |       8 |  11.1
            +---------+---------+-------+---------+---------+-------
        D:1 |      17 |       5 |  22.7 |      10 |       4 |  28.6
        D:2 |      57 |      37 |  39.4 |      22 |       1 |   4.3
        D:3 |      37 |       0 |   0.0 |      22 |       0 |   0.0
        D:4 |      12 |       0 |   0.0 |       3 |       0 |   0.0
        D:5 |     139 |      40 |  22.3 |       7 |       3 |  30.0
            +---------+---------+-------+---------+---------+-------
